 Dungeon Crawl Stone Soup version 0.16.2-3-ga078185 (webtiles) character file.

1696 Xenont the Chopper (level 9, 0/106 HPs)
             Began as a Human Berserker on Sept 6, 2015.
             Was an Elder of Trog.
             Succumbed to a gnoll's poison
             ... on level 7 of the Dungeon.
             The game lasted 00:35:31 (5489 turns).

Xenont the Chopper (Human Berserker)                Turns: 5489, Time: 00:35:31

Health: 0/106      AC: 17    Str: 25    XL:     9   Next: 23%
Magic:  9/9        EV:  9    Int:  8    God:    Trog [****..]
Gold:   396        SH:  0    Dex: 13    Spells: 0 memorised, 8 levels left

rFire  . . .     SeeInvis .     p - +0 broad axe
rCold  . . .     Clarity  .     b - +1 plate armour
rNeg   . . .     SustAb   .     (no shield)
rPois  .         Gourm    .     (no helmet)
rElec  .         Spirit   .     k - +1 cloak
rCorr  .         Warding  .     (no gloves)
rMut   .         Stasis   .     g - +0 pair of boots
MR     ++...                    (no amulet)
Stlth  ..........               (no ring)
                                e - ring of flight

@: mighty, berserking, lethally poisoned (0 -> -3), regenerating, very quick,
very resistant to hostile enchantments, extremely unstealthy
A: no striking features
a: Burn Spellbooks, Berserk, Trog's Hand, Brothers in Arms, Renounce Religion,
Evoke Flight


You were on level 7 of the Dungeon.
You worshipped Trog.
Trog was greatly pleased with you.
You were very full.

You visited 1 branch of the dungeon, and saw 7 of its levels.

You collected 396 gold pieces.

Inventory:

Hand weapons
 a - a +0 hand axe
 h - a +0 hand axe
 p - a +0 broad axe (weapon)
Armour
 b - a +1 plate armour (worn)
 g - a +0 pair of boots (worn)
 k - a +1 cloak (worn)
Rods
 A - a +0 iron rod (11/11)
   (You found it on level 6 of the Dungeon)
Jewellery
 e - a ring of flight (left hand)
 z - an uncursed ring of ice {unknown}
Magical devices
 j - a wand of fireball (5)
 u - a wand of digging (13)
Scrolls
 l - 3 scrolls of teleportation
 m - 4 scrolls of identify
 w - 3 scrolls of fear
 y - a scroll of recharging {unknown}
 B - a scroll of enchant weapon {unknown}
Potions
 i - 3 potions of restore abilities
 n - a potion of degeneration
 q - 2 potions of heal wounds {unknown}
 r - 2 potions of magic {unknown}
 s - 2 potions of agility
 v - a potion of cure mutation {unknown}
Comestibles
 c - 2 beef jerkies
 f - 5 fruits
 t - a bread ration


   Skills:
 + Level 6.4 Fighting
 + Level 7.0 Axes
 + Level 6.6 Armour
 + Level 4.0 Dodging
 + Level 0.4 Stealth


You had 8 spell levels left.
You didn't know any spells.

Dungeon Overview and Level Annotations

Branches:
Dungeon (7/15)             Temple (0/1) D:6

Altars:
Cheibriados
Fedhas
Kikubaaqudgha
Makhleb
Nemelex Xobeh
Okawaru
Vehumet
The Shining One


Message History

You feel very sick.
* * * LOW HITPOINT WARNING * * *
You feel sick.
Drink which item? (? for menu, Esc to quit)
It was a potion of might.
You feel very mighty all of a sudden.
You feel the effects of Trog's Hand fading.
* * * LOW HITPOINT WARNING * * *
You feel sick.
Use which ability? (? or * to list)
Your skin crawls.
You feel resistant to hostile enchantments.
You feel slightly less full.
* * * LOW HITPOINT WARNING * * *
You feel very sick.
Drink which item? (? for menu, Esc to quit)
It was a potion of berserk rage.
A red film seems to cover your vision as you go berserk!
You feel yourself moving faster!
You feel mighty!
You die...

...#'## #...#.'..'....#.###
#......# #...####.#....#)#..
.g......#+#. . #.#....'.)..
........#.+ ...+..#....#.#..
........+.#
....#..#....#.#..
.........#.#
...##+#....#.#..
#......#.##+#..........+.+..
#......(.)).+..........#+#..
+......#+##@#...............
#......#.##.#...#+###+#.....
#.....)'.##'#...#.....+.....
+......#+##.'...#'##..#.....
#......# #.#......#..#....#
#......+.##+##'#...+..+..).'
#......#.......'...#..#....#
+......#+####+##...#+###'###
......................#..#


There were no monsters in sight!

Vanquished Creatures
  A sky beast (D:7)
  An ice beast (D:6)
  An ogre (D:6)
  2 orc warriors
  A phantom (D:4)
  A big kobold (D:7)
  2 centaurs
  A giant frog (D:6)
  A scorpion (D:6)
  3 hounds
  A goliath beetle (D:7)
  Crazy Yiuf (D:2)
  A centaur skeleton (D:6)
  2 orc priests
  4 orc wizards
  3 worker ants
  Terence (D:2)
  A worker ant zombie (D:6)
  A hound skeleton (D:6)
  Robin (D:2)
  7 adders
  10 gnolls
  3 shadow imps
  2 river rats (D:3)
  4 worms
  16 orcs
  2 ball pythons
  8 bats
  A giant cockroach (D:4)
  18 goblins
  21 hobgoblins
  4 jackals
  10 kobolds
  A quokka (D:3)
  4 giant geckos
  A giant gecko skeleton (D:5)
  6 giant newts
  A jackal zombie (D:6)
  11 rats
  2 fungi (D:2)
162 creatures vanquished.

Notes
Turn   | Place    | Note
--------------------------------------------------------------
     0 | D:1      | Xenont, the Human Berserker, began the quest for the Orb.
     0 | D:1      | Reached XP level 1. HP: 18/18 MP: 1/1
   340 | D:1      | Reached XP level 2. HP: 24/24 MP: 2/2
   718 | D:2      | Reached XP level 3. HP: 26/29 MP: 3/3
   766 | D:2      | Found a radiant altar of Vehumet.
   767 | D:2      | Found an iron altar of Okawaru.
   932 | D:2      | Noticed Robin
   950 | D:2      | Reached XP level 4. HP: 35/35 MP: 4/4
   952 | D:2      | Acquired Trog's second power
   957 | D:2      | Killed Robin
  1079 | D:2      | Found a burning altar of Makhleb.
  1079 | D:2      | Noticed Terence
  1106 | D:2      | Killed Terence
  1326 | D:2      | Found a snail-covered altar of Cheibriados.
  1399 | D:2      | Reached XP level 5. HP: 35/41 MP: 5/5
  1517 | D:2      | Noticed Crazy Yiuf
  1531 | D:2      | Killed Crazy Yiuf
  1698 | D:3      | Reached skill level 4 in Axes
  1736 | D:3      | Reached XP level 6. HP: 26/48 MP: 6/6
  2125 | D:3      | Found a sparkling altar of Nemelex Xobeh.
  2130 | D:3      | Found a blossoming altar of Fedhas.
  2187 | D:3      | Found a glowing golden altar of the Shining One.
  2510 | D:4      | Acquired Trog's third power
  2597 | D:4      | Found an ancient bone altar of Kikubaaqudgha.
  2965 | D:4      | Reached XP level 7. HP: 55/55 MP: 7/7
  3433 | D:5      | Entered Level 5 of the Dungeon
  3658 | D:5      | Reached skill level 5 in Axes
  3748 | D:5      | Reached skill level 5 in Fighting
  4244 | D:6      | Reached skill level 5 in Armour
  4319 | D:6      | Reached XP level 8. HP: 58/62 MP: 8/8
  4536 | D:6      | Found a staircase to the Ecumenical Temple.
  4922 | D:6      | Reached skill level 6 in Axes
  5161 | D:7      | Reached XP level 9. HP: 67/69 MP: 9/9
  5392 | D:7      | Received a gift from Trog
  5477 | D:7      | Reached skill level 7 in Axes
  5486 | D:7      | HP: 3/71 [poisoned by a gnoll]
  5488 | D:7      | HP: 1/71 [poisoned by a gnoll]
  5489 | D:7      | Succumbed to a gnoll's poison

Action                   |  1- 3 |  4- 6 |  7- 9 || total
-------------------------+-------+-------+-------++-------
Melee: Hand axe          |    92 |   308 |       ||   400
       Broad axe         |       |    27 |   268 ||   295
Invok: Berserk           |     2 |     1 |     2 ||     5
       Trog's Hand       |       |     3 |     5 ||     8
       Burn Spellbooks   |       |     2 |     1 ||     3
  Use: Scroll            |     5 |     1 |     5 ||    11
       Potion            |     3 |     1 |     3 ||     7
  Eat: Bread ration      |     1 |     2 |     2 ||     5
       Meat ration       |       |       |     1 ||     1
       Royal jelly       |       |       |     1 ||     1
